 Dungeon Sprint DCSS version 0.27.1 (webtiles) character file.

Game seed: 3960680520182935157

9 styxcanada the Covert (level 2, -9/15 HPs)
             Began as a Spriggan Brigand on Aug 27, 2021.
             Splashed by an oklob sapling's acid (16 damage)
             ... in the Dungeon (Sprint IV: "Fedhas' Mad Dash").
             The game lasted 00:00:33 (219 turns).

styxcanada the Covert (Spriggan Brigand)             Turns: 219, Time: 00:00:34

Health: -9/15      AC: -1    Str:  7    XL:     2   Next: 6%
Magic:  3/3        EV: 17    Int: 12    God:
Gold:   0          SH:  0    Dex: 16    Spells: 1/1 levels left

rFire    . . .     SeeInvis +   a - +2 dagger
rCold    . . .     Faith    .   (shield restricted)
rNeg     . . .     Spirit   .   b - +0 robe
rPois    .         Reflect  .   (helmet restricted)
rElec    .         Harm     .   c - +0 cloak
rCorr    .         Rampage  .   (gloves unavailable)
Will     .....     NoTele   +   (boots unavailable)
Stlth    ++++......             (no amulet)
HPRegen  0.05/turn              (no ring)
MPRegen  0.08/turn              (no ring)

@: corroded, very quick
A: very small, no large weapons, unfitting armour, see invisible, speed 3
a: no special abilities


You were in the Dungeon.
You visited 1 branch

Inventory:

Hand Weapons
 a - a +2 dagger (weapon)
Missiles
 d - 7 poisoned darts
 e - 2 curare-tipped darts (quivered)
Armour
 b - a +0 robe (worn)
 c - a +0 cloak (worn)
Scrolls
 k - a scroll of blinking
Potions
 f - a potion of curing
 g - a potion of heal wounds
 h - a potion of haste
 i - 2 potions of magic
 j - a potion of berserk rage


   Skills:
 * Level 2.0 Fighting
 + Level 2.3 Short Blades
 + Level 2.2 Throwing
 * Level 2.2 Dodging
 * Level 8.0 Stealth


You had one spell level left.
You didn't know any spells.
Your spell library was empty.

Dungeon Overview and Level Annotations

Branches:
Dungeon (1/1)

Altars:


Innate Abilities, Weirdness & Mutations

You are very small and have problems with some larger weapons.
You are too small for most types of armour.
You have supernaturally acute eyesight. (SInv)
You cover ground extremely quickly. (Speed+++)


Message History

Press: ? - help, Q - select action, (/) - cycle Shift-Dir - straight line, f/p - river rat
Aim: a river rat (severely wounded, very poisoned, 57% to hit)
You throw a poisoned dart. The poisoned dart hits the river rat!
The river rat looks as sick as possible!
The river rat is severely wounded.
The rat bites the fungus.
The fungus begins to die.
The river rat misses you.
Throw: 2 darts (curare)
Press: ? - help, Q - select action Shift-Dir - straight line, f/p - river rat
Aim: a river rat (almost dead, extremely poisoned, 57% to hit)
You throw a curare-tipped dart.
The curare-tipped dart hits the river rat.
The river rat looks as sick as possible!
The river rat convulses.
You kill the river rat!
Your Fighting skill increases to level 2!
Your Dodging skill increases to level 2!
Your Stealth skill gained 2 levels and is now at level 7!
You have reached level 2!
You hit the rat.
You kill the rat!
Your Stealth skill increases to level 8!
e - 2 curare-tipped darts (gained 1);
d - a poisoned dart
Things that are here:
a rat corpse; a river rat corpse A nearby fungus withers and dies.
d - 2 poisoned darts (gained 1)
There is an open door here.
d - 4 poisoned darts (gained 2)
d - 5 poisoned darts (gained 1)
d - 7 poisoned darts (gained 2)
You start resting.
HP restored.
As you open the door, it creaks loudly!
An oklob sapling comes into view.
The oklob sapling spits acid at you. The splash of acid hits you!
Ouch! That really hurt!
The acid corrodes you!
You are splashed with acid!
Ouch! That really hurt!
You die...

############ #####
#<†.P#.....#.$$$$#
#P...'.[..@'.#
#PPPP#.....#P#
############ #


You could see an oklob sapling.

Vanquished Creatures
  A river rat (D)
  A rat (D)
2 creatures vanquished.

Vanquished Creatures (others)
  A fungus (D)
1 creature vanquished.

Grand Total: 3 creatures vanquished

Notes
Turn   | Place    | Note
-------+----------+-------------------------------------------
     0 | D        | styxcanada the Spriggan Brigand began the quest for the
                  | Orb.
     0 | D        | Reached XP level 1. HP: 10/10 MP: 2/2
    16 | D        | Reached skill level 7 in Stealth
    16 | D        | Reached XP level 2. HP: 5/15 MP: 3/3
    17 | D        | Reached skill level 8 in Stealth
   219 | D        | Noticed an oklob sapling
   219 | D        | Splashed by an oklob sapling's acid

Illustrated notes

Levels and vault maps discovered:
D:        dungeon_sprint_fedhas [sprint_temple]

Skill      XL: |  1  2 |
---------------+-------+-----
Fighting       | 2 |  2.0
Dodging        | 2 |  2.2
Stealth        | 7 8 |  8.0
Short Blades   | |  2.3
Throwing       | |  2.2

Action                   || total
-------------------------++-------
Melee: Dagger            ||     1
Throw: Dart              ||     9
Dodge: Dodged            ||     2
